 Dungeon Crawl Stone Soup version 0.31-a0-662-g684573625c (webtiles) character file.

Game seed: 13708903234020571564

61849 Descartes the Swashbuckler (level 15, 0/69 HPs)
             Began as a Vine Stalker Fighter on Sept 1, 2023.
             Was an Initiate of Gozag.
             Slain by an orc warlord
             ... wielding a +3 great mace
              (7 damage)
             ... on level 13 of the Dungeon.
             The game lasted 00:49:45 (17191 turns).

Descartes the Swashbuckler (Vine Stalker Fighter)  Turns: 17191, Time: 00:49:46

Health: 0/69       AC: 24    Str: 26    XL:     15   Next: 4%
Magic:  0/16       EV: 13    Int:  8    God:    Gozag
Gold:   823        SH:  5    Dex: 14    Spells: 14/14 levels left

rFire   + . .        a - +10 pair of quick blades "Gyre" and "Gimble" {protect}
rCold   + . .        (shield currently unavailable)
rNeg    . . .        y - +1 chain mail {Will+}
rPois   .            Z - +2 hat {Will+}
rElec   .            (no cloak)
rCorr   .            i - +1 pair of gloves
SInv    .            p - +0 pair of boots
Will    +++..        l - amulet of reflection
Stlth   ++           f - ring of protection from fire
HPRegen 1.11/turn    r - ring of protection from cold
MPRegen 0.15/turn

%: reflection, guardian spirit
@: mighty, brilliant, gold aura, under a protective aura, on berserk cooldown,
slowed, very slow
A: fangs 3, regeneration 1, magic shield, antimagic bite, no potion heal 2
a: Renounce Religion, Potion Petition, Call Merchant, Bribe Branch


You were on level 13 of the Dungeon.
You worshipped Gozag.
Gozag was pleased with you.
You visited 3 branches of the dungeon, and saw 19 of its levels.
You also visited: Sewer.

You collected 3542 gold pieces.
You paid 2719 gold pieces to Gozag.

Inventory:

Hand Weapons
 a - the +10 pair of quick blades "Gyre" and "Gimble" (weapon) {protect}
   (You acquired it on level 3 of the Dungeon)
 b - a +2 scimitar of flaming
 c - the +5 dagger of Dissatisfaction {freeze, rN+ Dex+3}
   (You found it on level 8 of the Dungeon)

   Dex+3:     It affects your dexterity (+3).
   rN+:       It protects you from negative energy.
Missiles
 n - 7 javelins
 s - 46 poisoned darts
 u - 7 curare-tipped darts
 C - 14 boomerangs
Armour
 i - a +1 pair of gloves (worn)
 p - a +0 pair of boots (worn)
 y - a +1 chain mail of willpower (worn)
 E - +1 fire dragon scales
 Z - a +2 hat of willpower (worn)
Jewellery
 f - a ring of protection from fire (left hand)
 h - a +6 ring of intelligence
 l - an amulet of reflection (around neck)
 r - a ring of protection from cold (right hand)
 Y - a ring of resist corrosion
Wands
 q - a wand of digging (3)
 A - a wand of polymorph (19)
 F - a wand of paralysis (16)
 I - a wand of flame (18)
 J - a wand of roots (9)
Scrolls
 j - 3 scrolls of enchant armour
 k - 10 scrolls of teleportation
 m - 6 scrolls of revelation
 o - a scroll of silence {unknown}
 w - 2 scrolls of blinking
 D - 2 scrolls of enchant weapon {unknown}
 G - 2 scrolls of noise {unknown}
 H - a scroll of poison
 K - 2 scrolls of brand weapon {unknown}
 L - a scroll of amnesia {unknown}
 R - 3 scrolls of fear
 S - 2 scrolls of identify
 W - a scroll of summoning {unknown}
 X - 3 scrolls of fog
Potions
 d - 7 potions of might
 e - 3 potions of cancellation
 g - 7 potions of curing
 v - a potion of haste {unknown}
 z - 2 potions of attraction {unknown}
 M - 3 potions of magic
 N - 4 potions of lignification
 O - 5 potions of brilliance
 P - 2 potions of resistance
 Q - 3 potions of mutation
 U - 2 potions of enlightenment {unknown}
Miscellaneous
 t - a phial of floods
 x - a phantom mirror
 B - a tin of tremorstones (2/2)
 T - a lightning rod (4/4)


   Skills:
 - Level 3.7 Fighting
 * Level 17.4 Short Blades
 - Level 3.1 Axes
 + Level 8.6 Armour
 - Level 10.0 Dodging
 - Level 10.0 Stealth
 - Level 3.7 Shields
 - Level 2.3 Evocations


You had 14 spell levels left.
You didn't know any spells.
Your spell library contained the following spells:

 Spells                   Type           Power      Damage    Failure   Level
 Apportation              Tloc           0%         N/A       87%         1
 Freeze                   Ice            0%         1d3       87%         1
 Kiss of Death            Conj/Necr      0%         2d5       87%         1
 Necrotise                Necr           0%         1d4       87%         1
 Sting                    Tmut/Pois      0%         1d3       87%         1
 Summon Small Mammal      Summ           0%         N/A       87%         1
 Cigotuvi's Dreadful Rot  Necr/Pois/Air  0%         N/A       95%         2
 Ensorcelled Hibernation  Hex/Ice        0%         N/A       95%         2
 Passwall                 Tmut/Erth      0%         N/A       95%         2
 Scorch                   Fire           0%         2d5       95%         2
 Call Canine Familiar     Summ           0%         N/A       99%         3
 Confusing Touch          Hex            0%         N/A       99%         3
 Frozen Ramparts          Ice            0%         1d1       99%         3
 Hailstorm                Conj/Ice       0%         3d3       99%         3
 Ignite Poison            Fire/Tmut/Pois 0%         N/A       99%         3
 Portal Projectile        Hex/Tloc       0%         N/A       99%         3
 Swiftness                Air            0%         N/A       99%         3
 Dispel Undead            Necr           0%         3d6       100%        4
 Flame Wave               Conj/Fire      0%         2d4       100%        4
 Leda's Liquefaction      Hex/Erth       0%         N/A       100%        4
 Borgnjor's Vile Clutch   Necr/Erth      0%         N/A       100%        5
 Freezing Cloud           Conj/Ice/Air   0%         6-21      100%        5
 Yara's Violent Unravell  Hex/Tmut       0%         3d3       100%        5
 Death Channel            Necr           0%         N/A       100%        6
 Summon Cactus Giant      Summ           0%         N/A       100%        6
 Haunt                    Necr/Summ      0%         N/A       100%        7
 Infestation              Necr           0%         N/A       100%        8
 Animate Dead             Necr           Unusable   N/A       N/A         4

Dungeon Overview and Level Annotations

Branches:
Dungeon (13/15)            Temple (1/1) D:7            Lair (5/5) D:11
  Swamp (0/4) Lair:3        Snake (0/4) Lair:2        Slime (0/5) Lair:4
    Orc (0/2) D:12         Vaults (0/5) D:13          Sewer (visited)

Altars:
Ashenzari
Cheibriados
Dithmenos
Elyvilon
Fedhas
Gozag
Hepliaklqana
Kikubaaqudgha
Makhleb
Nemelex Xobeh
Okawaru
Qazlal
Ru
Sif Muna
Trog
Uskayaw
Vehumet
Wu Jian
Xom
Yredelemnul
Zin
The Shining One
Jiyva

Shops:
D:2 !

Annotations:
D:4 2 runed translucent doors, paps's ghost, amateur OpSh
D:6 1 runed translucent door, Crazy Yiuf
D:13 1 transporter


Innate Abilities, Weirdness & Mutations

You have razor-sharp teeth.
Your natural rate of healing is unusually fast.
When hurt, damage is shared between your health and your magic reserves.
Your bite disrupts and absorbs the magic of your enemies.
Potions cannot restore your health.


Message History

The orc warlord roars a battlecry!
The orcs go into a battle-frenzy!
The orc high priest calls down the wrath of Beogh upon something.
Beogh smites you!
The orc warrior unwields a +0 trident.
The orc warrior wields a +0 arbalest.
The orc warrior shoots a bolt.
You block the bolt with an invisible shield... and reflect it back!
The bolt barely misses the orc warrior.
The bolt hits the cyclops!!
Things that are here:
8 gold pieces; a +0 war axe; a +0 chain mail You hit the two-headed ogre.
Your bite misses the two-headed ogre.
You puncture the two-headed ogre! x2; You bite the two-headed ogre!
You drain its power.
You feel invigorated.
You barely miss the two-headed ogre. Your bite misses the two-headed ogre.
The two-headed ogre is almost dead.
The orc priest miscasts a cantrip.
The orc sorcerer casts a spell.
Unknown command.
You puncture the two-headed ogre!
You kill the two-headed ogre!
The orc warrior shoots a bolt.
The bolt closely misses you.
Unknown command.
You are no longer berserk.
You are exhausted.
You feel yourself slow down.
The orc knight is distracted by your dazzling golden aura.
The orc warlord hits you with a +2 great mace of holy wrath!!
The orc knight shouts!
Things that are here:
17 gold pieces; a +0 giant club; a +0 giant club Unknown command.
The cyclops hits you!
* * * LOW HITPOINT WARNING * * *
The orc knight roars a battlecry!
The orcs go into a battle-frenzy!
The stone giant throws a large rock.
The large rock hits you!
* * * LOW HITPOINT WARNING * * *
The orc sorcerer hits you but does no damage.
The orc warlord attacks as it pursues you!
The orc warlord hits you with a +3 great mace!
You die...
Your body crumbles into a pile of gold.

............#........#######.....
............#......).......#.....
#############..#..©........#.....
....#####....###########...#...##
....#...#...##....ooo..##..#...##
....#...#...#..$#####...####.....
....#...#.###..$$#o#....#........
#'###...#.###.#.ooCo..#.#.....###
........#...#.##@8.8o##.#........
........#...#.#.Cooo..#.#........
...##..##...#.##.838.##.#........
...##..######.#......[#.#........
.......# #...)#.#....#.....)..
.......# ...#####o..#'#......
...##..#######[..o©.o..##.#.#####
...#####.....###########..#.# #
'#### #.....#....©.......#.#####


You could see 2 orc warlords, a stone giant, 3 orc knights, an orc high priest
(strong), a sun demon (summoned), a cyclops, an orc sorcerer (strong), 2 orc
warriors and 2 orc priests.

Vanquished Creatures
  A Tzitzimitl (Lair:5)
  Frances (D:13)
  Gastronok (D:12)
  A fire dragon (Lair:4)
  Erolcha (D:11)
  An ogre mage (D:13)
  6 hydras
  3 boulder beetles
  4 two-headed ogres
  Erica (D:8)
  3 catoblepae
  A centaur warrior (D:13)
  2 tengu warriors (D:13)
  4 death yaks (Lair:5)
  Urug (D:12)
  Nergalle (Lair:3)
  Sonja (D:11)
  2 skysharks
  3 shadow demons
  A necromancer (Lair:2)
  A bog body (Lair:3)
  3 lindwurms (Lair:5)
  6 cyclopes
  An oklob plant (D:11)
  3 manticores
  8 elephants
  4 black mambas
  3 gargoyles
  2 torpor snails
  12 cane toads
  14 rime drakes
  Jeremiah (D:6)
  4 komodo dragons
  2 kobold demonologists
  A tengu conjurer (D:13)
  2 polar bears
  9 trolls
  A hornet (D:8)
  3 dream sheep (Lair:3)
  7 blink frogs
  Sigmund (D:3)
  A wyvern (shapeshifter) (D:11)
  20 shadows
  2 wraiths
  4 vampires
  A basilisk (Lair:5)
  4 wyverns
  44 yaks
  An unseen horror simulacrum (D:9)
  2 vampire mosquitoes (D:12)
  8 steam dragons (Lair:4)
  3 nagas (Lair:2)
  2 acid dragons
  Duvessa (D:5)
  15 water moccasins
  3 ice beasts
  3 orc warriors
  2 sky beasts
  2 wolves
  2 centaurs
  6 kobold brigands
  9 bullfrogs
  A gnoll sergeant (D:8)
  2 scorpions
  3 wights (D:9)
  Dowan (D:5)
  10 howler monkeys
  4 hounds (D:5)
  5 orc priests
  A gnoll bouda (D:8)
  A jelly (Lair:4)
  3 sleepcaps
  An iguana (D:6)
  9 orc wizards
  4 yak simulacra (Lair:2)
  4 polar bear simulacra (Lair:2)
  2 wolf simulacra (Lair:2)
  2 centaur simulacra (D:9)
  9 gnolls (D:8)
  10 adders
  13 river rats
  A shadow imp (D:8)
  2 white imps (D:9)
  2 howler monkey simulacra (D:9)
  4 ufetubi
  4 worms
  36 orcs
  10 ball pythons
  9 endoplasms
  3 giant cockroaches
  3 goblins
  9 hobgoblins
  7 jackals (D:1)
  50 kobolds
  2 quokkas
  4 bats
  3 frilled lizards
  25 rats
  A river rat simulacrum (Lair:2)
522 creatures vanquished.

Vanquished Creatures (others)
  2 steam dragons (Lair:4)
2 creatures vanquished.

Grand Total: 524 creatures vanquished

Notes
Turn   | Place    | Note
-------+----------+-------------------------------------------
     0 | D:1      | Descartes the Vine Stalker Fighter began the quest for the
                  | Orb.
     0 | D:1      | Reached XP level 1. HP: 11/11 MP: 2/2
   299 | D:1      | Reached XP level 2. HP: 16/16 MP: 3/3
   478 | D:1      | Reached XP level 3. HP: 19/19 MP: 4/4
  1229 | D:2      | Reached skill level 1 in Evocations
  1481 | D:2      | Found Wilidghazxa's Distillery.
  1510 | D:3      | Found a faded altar of an unknown god.
  1592 | D:3      | Reached XP level 4. HP: 24/24 MP: 5/5
  1666 | D:3      | Reached XP level 5. HP: 28/28 MP: 6/6
  1673 | D:3      | Found a glowing drain.
  1678 | Sewer    | Entered a sewer
  1951 | Sewer    | Reached XP level 6. HP: 32/32 MP: 7/7
  2215 | D:3      | Identified a scroll of acquirement
  2216 | D:3      | Acquired the +10 pair of quick blades "Gyre" and "Gimble"
                  | {protect}
  2216 | D:3      | Found the +10 pair of quick blades "Gyre" and "Gimble"
                  | {protect}
  2364 | D:3      | Reached skill level 1 in Short Blades
  2420 | D:3      | Noticed Sigmund
  2471 | D:3      | Killed Sigmund
  2472 | D:3      | Reached skill level 3 in Short Blades
  2472 | D:3      | Reached XP level 7. HP: 36/37 MP: 8/8
  2598 | D:3      | Found a shadowy altar of Dithmenos.
  2603 | D:3      | Found a shimmering blue altar of Sif Muna.
  2609 | D:3      | Became a worshipper of Dithmenos the Shadowed
  2618 | D:3      | Found a shimmering altar of Xom.
  2943 | D:4      | Found a large runed translucent door.
  2943 | D:4      | Found a large runed translucent door.
  3169 | D:4      | Noticed paps's ghost (amateur OpSh)
  3430 | D:5      | Entered Level 5 of the Dungeon
  3662 | D:5      | Reached skill level 4 in Short Blades
  3903 | D:5      | Noticed Dowan
  3904 | D:5      | Noticed Duvessa
  3909 | D:5      | Killed Duvessa
  3910 | D:5      | Reached skill level 5 in Short Blades
  3912 | D:5      | Killed Dowan
  3913 | D:5      | Gained mutation: You have razor-sharp teeth. [Vine Stalker
                  | growth]
  3913 | D:5      | Reached XP level 8. HP: 42/42 MP: 9/9
  4270 | D:5      | Reached * piety under Dithmenos
  4306 | D:5      | Reached skill level 6 in Short Blades
  4483 | D:6      | Found a stormy altar of Qazlal.
  4921 | D:6      | Found a runed translucent door.
  4922 | D:6      | Noticed Crazy Yiuf
  5267 | D:6      | Noticed Jeremiah
  5276 | D:6      | Killed Jeremiah
  5277 | D:6      | Reached skill level 7 in Short Blades
  5507 | D:7      | Reached skill level 8 in Short Blades
  5650 | D:7      | Reached XP level 9. HP: 45/45 MP: 10/10
  5691 | D:7      | Found a staircase to the Ecumenical Temple.
  5708 | Temple   | Entered the Ecumenical Temple
  5822 | D:7      | Found a blossoming altar of Fedhas.
  6033 | D:7      | Found a sparkling altar of Nemelex Xobeh.
  6498 | D:8      | Identified the +5 dagger of Dissatisfaction {freeze, rN+
                  | Dex+3}
  6523 | D:8      | Reached skill level 9 in Short Blades
  6523 | D:8      | Reached skill level 1 in Stealth
  6524 | D:8      | Noticed Erica
  6531 | D:8      | Reached skill level 1 in Dodging
  6532 | D:8      | Killed Erica
  6688 | D:8      | Noticed a troll
  6692 | D:8      | Killed a troll
  6736 | D:8      | Noticed a hornet
  6742 | D:8      | Killed a hornet
  6743 | D:8      | Reached skill level 10 in Short Blades
  6743 | D:8      | Reached skill level 5 in Stealth
  6743 | D:8      | Reached XP level 10. HP: 31/49 MP: 11/11
  6979 | D:8      | Found a bloodstained altar of Trog.
  7279 | D:9      | Reached ** piety under Dithmenos
  7430 | D:9      | Reached skill level 5 in Dodging
  7747 | D:9      | Reached XP level 11. HP: 53/53 MP: 12/12
  7802 | D:9      | Reached *** piety under Dithmenos
  7806 | D:9      | Reached skill level 10 in Stealth
  7909 | D:9      | Found an opulent altar of Gozag.
  8325 | D:10     | Entered Level 10 of the Dungeon
  8388 | D:10     | Got the Enchiridion on Evolution
  8684 | D:10     | Noticed a two-headed ogre
  8691 | D:10     | Killed a two-headed ogre
  8908 | D:10     | Noticed an Executioner
  8909 | D:10     | Found a burning altar of Makhleb.
  8914 | D:10     | Found a glowing silver altar of Zin.
  8914 | D:10     | Noticed an angel
  9293 | D:11     | Noticed Erolcha
  9299 | D:11     | Killed Erolcha
  9300 | D:11     | Reached skill level 11 in Short Blades
  9473 | D:11     | Noticed an oklob plant
  9479 | D:11     | Found a staircase to the Lair.
  9485 | D:11     | Killed an oklob plant
  9566 | D:11     | Noticed a manticore
  9579 | D:11     | Killed a manticore
  9705 | D:11     | Noticed a two-headed ogre
  9712 | D:11     | Killed a two-headed ogre
  9713 | D:11     | Reached XP level 12. HP: 58/58 MP: 13/13
  9812 | D:9      | Fell from the grace of Dithmenos
  9812 | D:9      | Became a worshipper of Gozag Ym Sagoz the Greedy
  9991 | D:11     | Noticed Sonja
  9995 | D:11     | Killed Sonja
  9996 | D:11     | Reached skill level 12 in Short Blades
 10539 | D:12     | Found a staircase to the Orcish Mines.
 10553 | D:12     | Noticed Gastronok
 10567 | D:12     | Killed Gastronok
 10681 | D:12     | Noticed a boulder beetle
 10691 | D:12     | Killed a boulder beetle
 10783 | D:12     | Noticed Urug
 10792 | D:12     | Killed Urug
 10793 | D:12     | Reached skill level 13 in Short Blades
 11103 | D:13     | Noticed Frances
 11119 | D:13     | Killed Frances
 11242 | D:13     | Noticed a tengu warrior
 11251 | D:13     | Killed a tengu warrior
 11267 | D:13     | Found a transporter.
 11269 | D:13     | Found a transporter.
 11278 | D:13     | Noticed an orc warlord
 11278 | D:13     | Noticed an orc high priest
 11296 | D:13     | Noticed a tengu warrior
 11302 | D:13     | Killed a tengu warrior
 11381 | D:13     | Noticed a catoblepas
 11384 | D:13     | Noticed a centaur warrior
 11387 | D:13     | Killed a catoblepas
 11400 | D:13     | Killed a centaur warrior
 11401 | D:13     | Reached XP level 13. HP: 22/61 MP: 14/14
 11501 | D:13     | Reached skill level 14 in Short Blades
 11514 | D:13     | Found a gate to the Vaults.
 12207 | D:13     | Noticed an orc warlord
 12208 | D:13     | Noticed a stone giant
 12239 | D:13     | Noticed a fire dragon
 12531 | Lair:1   | Entered Level 1 of the Lair of Beasts
 13129 | Lair:1   | Reached skill level 5 in Armour
 13302 | Lair:2   | Found a staircase to the Snake Pit.
 14120 | Lair:3   | Noticed Nergalle
 14173 | Lair:3   | Killed Nergalle
 14174 | Lair:3   | Reached skill level 10 in Dodging
 14281 | Lair:3   | Reached skill level 15 in Short Blades
 14470 | Lair:3   | Found a staircase to the Swamp.
 14895 | Lair:4   | Found a staircase to the Slime Pits.
 14895 | Lair:4   | Found a viscous altar of Jiyva.
 14963 | Lair:4   | Reached XP level 14. HP: 40/65 MP: 10/15
 15273 | Lair:4   | Reached skill level 16 in Short Blades
 15328 | Lair:4   | Identified the +3 short sword "Arbiter" {heavy, rElec rPois
                  | Will+}
 15845 | Lair:5   | Entered Level 5 of the Lair of Beasts
 16434 | Lair:5   | Reached skill level 17 in Short Blades
 16539 | Lair:5   | Was forgiven by Dithmenos
 16540 | Lair:5   | Noticed a Tzitzimitl
 16559 | Lair:5   | Killed a Tzitzimitl
 16726 | Lair:5   | Identified the +1 hand axe of Doom {spect, rElec rN+ Int+3}
 17184 | D:13     | Reached XP level 15. HP: 69/69 MP: 16/16
 17191 | D:13     | Slain by an orc warlord

Illustrated notes

Levels and vault maps discovered:
D:1:      dpeg_arrival_court, layout_loops_corners, minmay_pentomino_u2
D:2:      layout_basic, serial_shops, shop
D:3:      layout_basic, minmay_overflow_temple_star_quad,
          lightli_sewer_entry_pipes, serial_rivers,
          chequers_serial_rivers_small_3, chequers_serial_rivers_micro_d,
          chequers_serial_rivers_marsh, chequers_serial_rivers_small_b,
          chequers_serial_rivers_micro_e, basic_ecumenical_altar,
          hangedman_abyss_or_decor_stabs, uniq_sigmund
D:4:      layout_basic, ebering_ghost_disaster_area
D:5:      layout_layer_cave, corexii_corridor_pit, uniq_duvessa
D:6:      layout_cave_pods, mainiacjoe_overflow_boulevard, uniq_jeremiah,
          uniq_crazy_yiuf_cottage
D:7:      layout_layer_cave, fedhas_ov_isle_minmay, nemelex_spade_bored_becter,
          minmay_temple_entry_waves
D:8:      layout_loops_cross, bloody_trog, serial_rivers,
          chequers_serial_rivers_micro_d, chequers_serial_rivers_micro_b,
          chequers_serial_rivers_large_a, chequers_serial_rivers_small_b,
          minmay_splitting_lines, uniq_erica
D:9:      layout_basic, kennysheep_mini_moat, serial_ice, serial_ice_h,
          serial_ice_o, serial_ice_g, serial_ice_k
D:10:     layout_loops_corners, grunt_temple_overflow_order_and_chaos_2,
          minivault_1, nicolae_figureground_sparkle
D:11:     nicolae_cairo_tiling_very_big, layout_long_grid, dpeg_oklobed_lair,
          minmay_misc_feat_pillars, minmay_fractal_squares_5, uniq_erolcha,
          uniq_sonja
D:12:     layout_basic, minmay_orc_entry_temple_small, minivault_11,
          uniq_gastronok, uniq_urug
D:13:     gammafunk_beogh_shrine, layout_stronghold, david_vaults_1,
          uniq_frances
Temple:   nicolae_temple_no_exploring_needed
Lair:1:   layout_chaotic_city
Lair:2:   layout_chaotic_city, minmay_snake_entry_guardpost_small,
          eino_house_with_fridge
Lair:3:   layout_misc_corridors, skrybe_swamp_entry_bodies, wad_woods_river_02,
          grunt_megastairs_5, uniq_nergalle
Lair:4:   layout_regular_city, nicolae_slime_entry_slimehenge,
          bobbens_dragon_lair_wall
Lair:5:   hangedman_lair_in_review, layout_misc_corridors, lemuel_fruit_tree

Skill      XL: |  1  2  3  4  5  6  7  8  9 10 11 12 13 14 |
---------------+-------------------------------------------+-----
Axes           | 2 3 |  3.1
Fighting       | 3 |  3.7
Shields        | 3 |  3.7
Evocations     | 1 2 |  2.3
Armour         | 3 4 6 8 |  8.6
Short Blades   | 3 5 8 10 11 13 15 17 | 17.4
Stealth        | 5 9 10 | 10.0
Dodging        | 2 5 7 9 10 | 10.0

Action                     |  1- 3 |  4- 6 |  7- 9 | 10-12 | 13-15 || total
---------------------------+-------+-------+-------+-------+-------++-------
  Melee: War axe           |    94 |   137 |       |       |       ||   231
         Bite              |    14 |    33 |    83 |   334 |   698 ||  1162
         Pair of quick bla |       |    31 |   299 |   882 |  1513 ||  2725
         Scimitar          |       |       |       |       |    27 ||    27
         Punch             |       |       |       |       |     1 ||     1
 Invoke: Potion Petition   |       |       |       |       |     6 ||     6
    Use: Scroll            |     4 |     2 |     1 |     2 |     8 ||    17
   Stab: Sleeping          |       |       |       |     6 |       ||     6
         Distracted        |       |       |       |     1 |     4 ||     5
         Invisible         |       |       |       |       |     4 ||     4
         Petrified         |       |       |       |       |     1 ||     1
 Armour: Scale mail        |    65 |   131 |    52 |   126 |       ||   374
         Chain mail        |       |       |       |    37 |   340 ||   377
  Dodge: Dodged            |    60 |    60 |    39 |   137 |   228 ||   524
  Block: Buckler           |    34 |    97 |       |       |       ||   131
         Other             |       |     1 |    15 |    48 |    89 ||   153
         Reflection        |       |     1 |     2 |     2 |     6 ||    11

Table legend: (Time is in decaauts)
 A = Elapsed time spent in this place.
 B = Non-inter-level travel time spent in this place.
 C = Inter-level travel time spent in this place.
 D = Time resting spent in this place.
 E = Time spent auto-exploring this place.
 F = Levels seen in this place.
 G = Mean time per level.
                   A        B        C        D        E       F      G
               +--------+--------+--------+--------+--------+-----+--------+
         Total |  17078 |  15613 |   1465 |    233 |  12386 |  20 |  853.9 |
       Dungeon |  12111 |  10874 |   1237 |    200 |   8718 |  13 |  931.6 |
        Temple |      1 |      1 |      0 |      0 |      0 |   1 |    1.0 |
          Lair |   4386 |   4159 |    227 |     33 |   3352 |   5 |  877.2 |
         Sewer |    579 |    579 |      0 |      0 |    315 |   1 |  579.0 |
               +--------+--------+--------+--------+--------+-----+--------+

Top non-repeatable levels by time:
    D:13: 1254 daAuts
     D:5: 1150 daAuts
    D:11: 1109 daAuts
  Lair:5: 1083 daAuts
     D:6: 1058 daAuts
     D:7: 1053 daAuts
    D:10: 1030 daAuts
     D:1: 1013 daAuts
  Lair:2: 974 daAuts
  Lair:4: 964 daAuts
     D:8: 866 daAuts
     D:9: 858 daAuts
     D:3: 753 daAuts
    D:12: 734 daAuts
  Lair:3: 701 daAuts
